 Dungeon Crawl Stone Soup version 0.32-a0-7-ge934b4519a (webtiles) character file.

Game seed: 18415822904277545299

443 Boanerges the Chopper (level 6, -7/57 HPs)
             Began as a Minotaur Berserker on Jan 13, 2024.
             Was a Believer of Trog.
             Mangled by an ice beast (14 damage)
             ... on level 5 of the Dungeon.
             The game lasted 00:17:45 (970 turns).

Boanerges the Chopper (Minotaur Berserker)           Turns: 970, Time: 00:17:45

Health: -7/57      AC:  9    Str: 24    XL:     6   Next: 71%
Magic:  5/5        EV:  9    Int:  4    God:    Trog [**....]
Gold:   107        SH:  0    Dex:  9    Spells: 5/5 levels left

rFire   . . .        j - +0 war axe
rCold   . . .        (no shield)
rNeg    . . .        i - +0 chain mail
rPois   .            (helmet restricted)
rElec   .            (no cloak)
rCorr   .            (no gloves)
SInv    .            (no boots)
Will    .....        (no amulet) Stlth
                     (no ring)
HPRegen 0.29/turn    (no ring)
MPRegen 0.09/turn

%: no passive effects
@: slowed, very slow
A: horns 2, retaliatory headbutt
a: Renounce Religion, Berserk, Trog's Hand


You were on level 5 of the Dungeon.
You worshipped Trog.
Trog was pleased with you.
You visited 1 branch of the dungeon, and saw 5 of its levels.

You collected 107 gold pieces.

Inventory:

Hand Weapons
 a - a +0 hand axe
 f - a +0 sling
 j - a +0 war axe (weapon)
Armour
 b - a +0 animal skin
 c - a +0 leather armour
 i - a +0 chain mail (worn)
Wands
 k - a wand of mindburst (17)
Scrolls
 d - a scroll of fear {unknown}
 g - 3 scrolls of noise {unknown}
Potions
 e - a potion of invisibility {unknown}
 h - a potion of attraction {unknown}


   Skills:
 + Level 5.7 Fighting
 + Level 6.8 Axes
 + Level 3.6 Armour
 + Level 3.3 Dodging
 + Level 0.3 Stealth


You had 5 spell levels left.
You didn't know any spells.
Your spell library was empty.

Dungeon Overview and Level Annotations

Branches:
Dungeon (5/15)
 Temple: D:4-7

Altars:
Ashenzari
Fedhas
Nemelex Xobeh
Xom
Yredelemnul
Zin

Shops:
D:4 !


Innate Abilities, Weirdness & Mutations

You have a pair of horns on your head.
You reflexively headbutt those who attack you in melee.


Message History

An ice beast comes into view.
You closely miss the kobold. You headbutt the kobold.
You kill the kobold!
Trog accepts your kill.
The kobold brigand throws a curare-tipped dart.
The curare-tipped dart hits you.
You are poisoned.
You have difficulty breathing.
You feel yourself slow down.
You closely miss the kobold. You slash the kobold brigand!
You feel very sick.
The kobold brigand hits you with a +0 whip.
The kobold hits you with a +0 whip.
You slash the kobold!
You kill the kobold!
Trog accepts your kill.
You barely miss the kobold brigand.
You feel sick.
The kobold brigand hits you with a +0 whip.
The kobold brigand barely misses you.
You feel sick. The kobold brigand barely misses you. You furiously retaliate!
You headbutt the kobold brigand! The ice beast barely misses you.
The kobold brigand hits you but does no damage.
Things that are here:
a +0 whip; 4 stones; a kobold corpse You closely miss the kobold brigand.
The kobold brigand is almost dead.
You barely miss the ice beast.
You feel sick.
The kobold brigand hits you but does no damage.
The ice beast hits you. The ice beast freezes you.
You closely miss the kobold brigand.
Your headbutt misses the kobold brigand.
Your punch misses the kobold brigand.
The kobold brigand is almost dead.
You slash the ice beast!
You feel sick.
You are no longer poisoned.
The ice beast hits you. The ice beast freezes you!
* * * LOW HITPOINT WARNING * * *
The kobold brigand closely misses you. The ice beast hits you.
* * * LOW HITPOINT WARNING * * *
The ice beast freezes you!
You die...

######.##.#.#
...............#.#. .
....... ..........
.##...... ........
.)..[.. ......
..##....######...# #
...............#.# .
#.K)#####....#.#
....#.@..........<.#
#......Y...........##
#..#.#...#####...#.# .
.. #...#####.^.#.#####
... ....................
.#...............#.#####
.........###.#..#.#####
.....#.................
#....#................#


You could see an ice beast and a kobold brigand.

Vanquished Creatures
  An ogre (D:5)
  A phantom (D:4)
  A scorpion (D:4)
  2 howler monkeys
  A hound (D:5)
  An iguana (D:4)
  8 adders
  A dart slug (D:2)
  A ribbon worm (D:2)
  2 orcs (D:4)
  3 bats
  An endoplasm (D:1)
  2 giant cockroaches (D:4)
  2 goblins
  A hobgoblin (D:2)
  A quokka (D:4)
  A ball python (D:2)
  A frilled lizard (D:3)
  2 kobolds (D:5)
  A rat (D:2)
34 creatures vanquished.

Notes
Turn   | Place    | Note
-------+----------+-------------------------------------------
     0 | D:1      | Boanerges the Minotaur Berserker began the quest for the
                  | Orb.
     0 | D:1      | Reached XP level 1. HP: 19/19 MP: 0/0
    78 | D:2      | Reached XP level 2. HP: 24/27 MP: 1/1
   165 | D:2      | Reached skill level 4 in Axes
   240 | D:3      | Found a broken altar of Ashenzari.
   314 | D:4      | Found a glowing silver altar of Zin.
   316 | D:4      | Found a shimmering altar of Xom.
   316 | D:4      | Found a sparkling altar of Nemelex Xobeh.
   316 | D:4      | Found a basalt altar of Yredelemnul.
   317 | D:4      | Found a blossoming altar of Fedhas.
   321 | D:4      | Reached XP level 3. HP: 33/33 MP: 2/2
   466 | D:4      | Reached XP level 4. HP: 22/41 MP: 3/3
   508 | D:4      | Reached skill level 5 in Axes
   593 | D:4      | Noticed a scorpion
   600 | D:4      | Reached ** piety under Trog
   612 | D:4      | Killed a scorpion
   613 | D:4      | Reached skill level 5 in Fighting
   613 | D:4      | Reached XP level 5. HP: 15/48 MP: 4/4
   866 | D:4      | Noticed a phantom
   881 | D:4      | Found Neabeimn's Distillery.
   885 | D:4      | Killed a phantom
   886 | D:4      | Reached skill level 6 in Axes
   886 | D:4      | Reached XP level 6. HP: 49/56 MP: 5/5
   917 | D:5      | Entered Level 5 of the Dungeon
   964 | D:5      | Noticed an ice beast
   970 | D:5      | Mangled by an ice beast

Illustrated notes

Levels and vault maps discovered:
D:1:      heliophobic_arrival_ceremonial_halls, layout_basic
D:2:      layout_loops_cross, serial_co_window_serial, co_window_corner_a,
          co_window_paths_a, co_window_paths_a, co_window_of_opportunity_a,
          co_window_cross_1, co_window_paths_a, co_window_paths_a,
          co_window_of_opportunity_a, co_window_paths_b,
          co_window_unsneaky_path_a, co_window_broadway_b, co_window_2corner,
          co_window_unsneaky_path_e, co_window_broadway_a,
          co_window_unsneaky_path_a, co_window_paths_c, glass_columns_b,
          hellmonk_ecumenical_altar_leap_of_faith
D:3:      layout_loops_ring, mainiacjoe_overflow_alcove_1, trog_book,
          nicolae_ashenzari_panopticon
D:4:      layout_loops_corners, grunt_temple_overflow_open, serial_shops,
          nicolae_stop_n_shop_1, minmay_misc_feat_doors, nicolae_half_adder
D:5:      layout_basic, tso_altar

Skill      XL: |  1  2  3  4  5 |
---------------+----------------+-----
Fighting       | 4 5 |  5.7
Axes           | 4 5 6 |  6.8
Dodging        | 3 |  3.3
Armour         | 3 |  3.6
Stealth        | |  0.3

Action                     |  1- 3 |  4- 6 || total
---------------------------+-------+-------++-------
  Melee: Hand axe          |    36 |    53 ||    89
         Headbutt          |     5 |    10 ||    15
         War axe           |       |    24 ||    24
 Armour: Animal skin       |    15 |       ||    15
         Leather armour    |     7 |     9 ||    16
         Chain mail        |       |    50 ||    50
         Skin              |       |     1 ||     1
  Dodge: Dodged            |    22 |    53 ||    75

Table legend: (Time is in decaauts)
 A = Elapsed time spent in this place.
 B = Non-inter-level travel time spent in this place.
 C = Inter-level travel time spent in this place.
 D = Time resting spent in this place.
 E = Time spent auto-exploring this place.
 F = Levels seen in this place.
 G = Mean time per level.
                   A        B        C        D        E       F      G
               +--------+--------+--------+--------+--------+-----+--------+
         Total |    979 |    518 |    461 |      0 |    216 |   5 |  195.8 |
       Dungeon |    979 |    518 |    461 |      0 |    216 |   5 |  195.8 |
               +--------+--------+--------+--------+--------+-----+--------+

Top non-repeatable levels by time:
     D:4: 628 daAuts
     D:2: 164 daAuts
     D:3: 70 daAuts
     D:5: 58 daAuts
     D:1: 57 daAuts
